 Dungeon Crawl Stone Soup version 0.24.0-13-gcf9b3192b9 (webtiles) character file.

Game seed: 9018576438773838772, levelgen mode: deterministic

73 Gynju the Firebug (level 4, 0/24 HPs)
             Began as a Deep Elf Fire Elementalist on Nov 7, 2019.
             Killed from afar by an orc wizard (2 damage)
             ... with a puff of flame
             ... on level 2 of the Dungeon.
             The game lasted 00:02:28 (1086 turns).

Gynju the Firebug (Deep Elf Fire Elementalist)      Turns: 1086, Time: 00:02:28

Health: 0/24       AC:  4    Str:  5    XL:     4   Next: 8%
Magic:  1/11       EV: 13    Int: 21    God:
Gold:   139        SH:  0    Dex: 15    Spells: 6/10 levels left

rFire    . . .     SeeInvis .   (no weapon)
rCold    . . .     Gourm    .   (no shield)
rNeg     + . .     Faith    .   a - +0 robe
rPois    .         Spirit   .   d - +0 helmet
rElec    .         Reflect  .   i - +0 cloak
rCorr    .         Harm     .   (no gloves)
MR       .....                  (no boots)
Stlth    ++........             (no amulet)
HPRegen  0.08/turn              h - ring of positive energy
MPRegen  0.12/turn              (no ring)

@: no status effects
A: no striking features
a: no special abilities


You were on level 2 of the Dungeon.
You were not hungry.

You visited 1 branch of the dungeon, and saw 2 of its levels.

You collected 139 gold pieces.

Inventory:

Armour
 a - a +0 robe (worn)
 d - a +0 helmet (worn)
 i - a +0 cloak (worn)
Jewellery
 h - a ring of positive energy (left hand)
Scrolls
 f - a scroll of remove curse {unknown}
 g - a scroll of identify {unknown}
Potions
 e - a potion of mutation {unknown}
Comestibles
 b - a chunk of flesh
 c - 2 rations


   Skills:
 + Level 3.3 Dodging
 - Level 2.4 Stealth
 + Level 3.9 Spellcasting
 + Level 2.3 Conjurations
 + Level 3.9 Fire Magic


You had 6 spell levels left.
You knew the following spells:

 Your Spells              Type           Power        Failure   Level  Hunger
a - Flame Tongue          Conj/Fire      ###..        3%          1    None
b - Conjure Flame         Conj/Fire      ###.....     10%         3    ###....

Your spell library contained the following spells:

 Spells                   Type           Power        Failure   Level  Hunger
 Throw Flame              Conj/Fire      ###...       4%          2    #......
 Inner Flame              Hex/Fire       ##......     16%         3    ###....
 Sticky Flame             Conj/Fire      ###.....     32%         4    ####...
 Fireball                 Conj/Fire      ###.......   67%         5    ######.


Dungeon Overview and Level Annotations

Branches:
Dungeon (2/15)

Altars:

Annotations:
D:2 Terence


Message History

You closely miss something.
You hear some strange, mumbled words.
A puff of frost appears from out of thin air!
The puff of frost hits you.
You hear some strange, mumbled words.
A magic dart appears from out of thin air!
The magic dart hits you!
* * * LOW HITPOINT WARNING * * *
Casting: Flame Tongue (safe; 3% risk of failure)
Confirm with . or Enter, or press ? or * to list all spells.
You can't see any susceptible monsters within range! (Use Z to cast anyway.)
Casting: Flame Tongue (safe; 3% risk of failure)
Confirm with . or Enter, or press ? or * to list all spells.
You can't see any susceptible monsters within range! (Use Z to cast anyway.)
Things that are here:
a +0 dagger; a +0 robe; a scroll labeled OTUOHI GOVETS You hear some strange, mumbled words.
A puff of flame appears from out of thin air!
The puff of flame hits you.
You die...

##.##.# #.##.#
#).#.#
##.#.#########
#...........#
##.)........#
#..{.......#
##>........# ###
##.@......# ....
#####'#######
.!... +........#
......#####.##.#
#
.@....'.....##'##
#
......######)...#
# ..... #....# #
.... #....# # ...
#....########## #


There were no monsters in sight!

Vanquished Creatures
  An orc wizard (D:2)
  An adder (D:2)
  2 worms (D:2)
  A leopard gecko (D:1)
  2 orcs (D:2)
  2 bats (D:1)
  2 giant cockroaches
  4 goblins
  3 hobgoblins (D:1)
  3 kobolds (D:1)
  A ball python (D:1)
  3 rats (D:2)
25 creatures vanquished.

Notes
Turn   | Place    | Note
-------+----------+-------------------------------------------
     0 | D:1      | Gynju the Deep Elf Fire Elementalist began the quest for
                  | the Orb.
     0 | D:1      | Reached XP level 1. HP: 10/10 MP: 6/6
   221 | D:1      | Reached XP level 2. HP: 15/15 MP: 6/8
   834 | D:2      | Reached XP level 3. HP: 19/19 MP: 6/10
   839 | D:2      | Learned a level 3 spell: Conjure Flame
  1020 | D:2      | Noticed Terence
  1073 | D:2      | Reached XP level 4. HP: 24/24 MP: 2/11
  1082 | D:2      | HP: 1/24 [something/magic dart (7)]
  1086 | D:2      | Killed from afar by an orc wizard

Levels and vault maps discovered:
D:1:      minmay_arrival_stone_box, layout_rooms, nrook_loot_triangle
D:2:      layout_basic, yredelemnul_altar_generic, uniq_terence, uniq_natasha

Skill      XL: |  1  2  3 |
---------------+----------+-----
Dodging        | 3 |  3.3
Conjurations   | 2 |  2.3
Stealth        | |  2.4
Spellcasting   | |  3.9
Fire Magic     | |  3.9

Action                   |  1- 3 |  4- 6 || total
-------------------------+-------+-------++-------
Melee: Unarmed           |     1 |     6 ||     7
 Cast: Flame Tongue      |    56 |     3 ||    59
Armor: Robe              |     1 |     1 ||     2
Dodge: Dodged            |    15 |       ||    15
